 Dungeon Crawl Stone Soup version 0.28-a0-674-gdaf460b524 (webtiles) character file.

Game seed: 16080235688511094855

2412 avis the Grappler (level 9, 0/62 HPs)
             Began as an Octopode Transmuter on Oct 17, 2021.
             Was an Initiate of Gozag.
             Slain by a centaur warrior (1 damage)
             ... on level 7 of the Dungeon.
             The game lasted 01:03:32 (11800 turns).

avis the Grappler (Octopode Transmuter)            Turns: 11800, Time: 01:03:32

Health: 0/62       AC:  2    Str: 13    XL:     9   Next: 47%
Magic:  21/21      EV: 19    Int: 15    God:    Gozag
Gold:   8          SH:  0    Dex: 17    Spells: 2/12 levels left

rFire   . . .      SeeInvis +     - Unarmed
rCold   . . .      Faith    .   (shield currently unavailable)
rNeg    . . .      Spirit   .   (helmet currently unavailable)
rPois   x          Reflect  .   z - amulet of magic regeneration
rElec   .          Harm     .   d - ring of see invisible
rCorr   .          Rampage  .   s - ring of magical power
Will    .....                   (no ring)
Stlth   ++........              (no ring)
HPRegen 0.20/turn               (no ring)
MPRegen 0.42/turn               (no ring)
                                (no ring)
                                (no ring)

@: lethally poisoned (0 -> -20), spider-form (expiring)
A: venomous fangs, almost no armour, (amphibious), 8 rings, tiny, (camouflage
1), (gelatinous body 1), (nimble swimmer 1), (tentacles)
a: End Transformation, Renounce Religion, Potion Petition, Call Merchant, Bribe
Branch


You were on level 7 of the Dungeon.
You worshipped Gozag.
Gozag was noncommittal.
You were a venomous arachnid creature.
You visited 2 branches of the dungeon, and saw 8 of its levels.

You collected 413 gold pieces.
You spent 342 gold pieces at shops.
You paid 63 gold pieces to Gozag.

Inventory:

Hand Weapons
 l - a +2 flail of protection (melded)
 w - a +4 quarterstaff of chaos
Missiles
 a - 52 poisoned darts
 u - 5 boomerangs
 C - 24 stones
Jewellery
 d - a ring of see invisible (left front leg)
 s - a ring of magical power (right front leg)
 z - an amulet of magic regeneration (around neck)
Wands
 q - a wand of acid (6)
 v - a wand of iceblast (17)
 y - a wand of mindburst (6)
Scrolls
 j - a scroll of immolation {unknown}
 m - a scroll of noise {unknown}
 n - a scroll of blinking {unknown}
 r - a scroll of enchant weapon {unknown}
 t - a scroll of vulnerability {unknown}
 B - a scroll of torment {unknown}
Potions
 b - 3 potions of curing
 c - a potion of brilliance
 h - 2 potions of magic
 i - a potion of flight
 o - a potion of berserk rage {unknown}
 p - a potion of invisibility {unknown}
 x - a potion of haste {unknown}
 D - 2 potions of heal wounds
 G - a potion of ambrosia {unknown}


   Skills:
 - Level 6.0 Fighting
 - Level 2.0 Dodging
 - Level 2.0 Stealth
 * Level 9.1 Unarmed Combat
 - Level 2.0 Spellcasting
 - Level 6.0 Transmutations
 - Level 3.0 Ice Magic


You had 2 spell levels left.
You knew the following spells:

 Your Spells              Type           Power      Damage    Failure   Level
a - Beastly Appendage     Tmut           38%        N/A       8%          1
e - Wereblood             Tmut           19%        N/A       10%         2
p - Spider Form           Tmut/Pois      5%         N/A       38%         3
q - Ice Form              Ice/Tmut       15%        N/A       56%         4

Your spell library contained the following spells:

 Spells                   Type           Power      Damage    Failure   Level
 Slow                     Hex            1%         N/A       54%         2
 Confusing Touch          Hex            1%         N/A       75%         3
 Gell's Gravitas          Tloc           0%         N/A       75%         3
 Lesser Beckoning         Tloc           1%         N/A       75%         3
 Teleport Other           Tloc           1%         N/A       75%         3
 Yara's Violent Unravell  Hex/Tmut       5%         3d4       96%         5
 Airstrike                Air            0%         N/A       98%         4
 Summon Lightning Spire   Summ/Air       1%         N/A       98%         4
 Lightning Bolt           Conj/Air       0%         1d11      100%        5


Dungeon Overview and Level Annotations

Branches:
Dungeon (7/15)             Temple (1/1) D:5

Altars:
Ashenzari
Cheibriados
Dithmenos
Elyvilon
Fedhas
Gozag
Hepliaklqana
Kikubaaqudgha
Makhleb
Nemelex Xobeh
Okawaru
Qazlal
Ru
Sif Muna
Trog
Uskayaw
Vehumet
Wu Jian
Xom
Zin
The Shining One

Shops:
D:4 *

Annotations:
D:7 Harold


Innate Abilities, Weirdness & Mutations

You are a venomous arachnid creature.
You have poisonous fangs.
You are tiny and dextrous.
Your spellcasting is less reliable in this form.
Your armour is entirely melded.
You are incapable of wielding weapons or throwing items.
You cannot wear most types of armour.
((You are amphibious.))
You can wear up to eight rings at the same time.
((Your skin changes colour to match your surroundings (Stealth+).))
((Your rubbery body absorbs attacks. (AC +1, EV +1)))
((You are camouflaged near water. (Stealth+)))
((You have tentacles for arms and can constrict up to eight enemies at once.))


Message History

The howler monkey hoots and howls with incredible vigour!
You bite the water moccasin!
The water moccasin is severely wounded.
The water moccasin bites you. The water moccasin misses you.
You closely miss the water moccasin.
The water moccasin is severely wounded.
The water moccasin misses you.
You hit the centaur warrior but do no damage.
The centaur warrior is poisoned.
The water moccasin completely misses you.
The centaur warrior unwields a +0 longbow.
The centaur warrior hits you! The centaur warrior misses you.
You hit the centaur warrior but do no damage.
The centaur warrior looks as sick as possible!
The water moccasin misses you. The centaur warrior hits you.
The centaur warrior kicks you.
You hit the centaur warrior.
The centaur warrior looks as sick as possible!
The centaur warrior is lightly wounded.
The water moccasin bites you but does no damage.
The centaur warrior hits you. The centaur warrior misses you.
You bite the centaur warrior!
The centaur warrior is moderately wounded.
The water moccasin bites you!
You are poisoned.
The water moccasin poisons you! The centaur warrior hits you!
* * * LOW HITPOINT WARNING * * *
The centaur warrior misses you.
Your transformation is almost over.
* * * LOW HITPOINT WARNING * * *
You feel very sick. The centaur warrior barely misses you.
The centaur warrior kicks you.
* * * LOW HITPOINT WARNING * * *
The water moccasin closely misses you.
The howler monkey hoots and howls with incredible vigour!
The centaur warrior hits you!
* * * LOW HITPOINT WARNING * * *
The centaur warrior kicks you.
You die...
Your body crumbles into a pile of gold.

################# #.#
...............)# #.#
.......[........###.###
##############........#
.# #.#.##.#.## #####
.#♣ #.#s##.#..# #)))#♣♣
..♣ #.#cSnh.# #[))')♣♣
.#♣ #..FhZ..# #.).#♣))
.# #.####..### #####♣♣♣
## #.# #....# ♣ ♣ #.
#..### ♣ ####..# ♣
#.#.....### ♣#
#.........#


You could see a centaur warrior (extremely poisoned), a water moccasin (very
poisoned), a necrophage, a bullfrog, 2 howler monkeys and a centaur skeleton.

Vanquished Creatures
  Menkaure (D:5)
  2 water moccasins (D:5)
  2 sky beasts
  A black bear (D:7)
  2 orc warriors
  An ice beast (D:7)
  3 ogres
  A phantom (D:5)
  A bullfrog (D:7)
  3 scorpions (D:6)
  2 water moccasin skeletons
  A howler monkey (D:7)
  2 centaur zombies
  2 bullfrog zombies
  A hound (D:3)
  3 orc priests (D:5)
  Crazy Yiuf (D:7)
  A centaur skeleton (D:5)
  A jelly (D:6)
  A bullfrog skeleton (D:6)
  Ijyb (D:4)
  Terence (D:3)
  4 iguanas
  An orc wizard (D:5)
  A killer bee zombie (D:7)
  Robin (D:4)
  9 adders
  A gnoll (D:7)
  2 white imps
  3 worms (D:2)
  4 dart slugs
  22 orcs
  8 ball pythons
  6 bats
  13 endoplasms
  5 giant cockroaches
  10 goblins
  10 hobgoblins
  5 jackals (D:1)
  A quokka (D:5)
  5 frilled lizards (D:2)
  7 kobolds
  9 rats
161 creatures vanquished.

Vanquished Creatures (others)
  3 plants (D:7)
3 creatures vanquished.

Grand Total: 164 creatures vanquished

Notes
Turn   | Place    | Note
-------+----------+-------------------------------------------
     0 | D:1      | avis the Octopode Transmuter began the quest for the Orb.
     0 | D:1      | Reached XP level 1. HP: 13/13 MP: 3/3
    61 | D:1      | Reached skill level 1 in Stealth
   413 | D:1      | Reached XP level 2. HP: 18/18 MP: 3/5
   721 | D:1      | Reached XP level 3. HP: 23/23 MP: 4/6
  1382 | D:1      | Learned a level 3 spell: Spider Form
  1453 | D:1      | Reached skill level 4 in Unarmed Combat
  2031 | D:2      | Reached XP level 4. HP: 29/29 MP: 3/7
  3121 | D:3      | Noticed Terence
  3302 | D:3      | Killed Terence
  3303 | D:3      | Reached skill level 5 in Unarmed Combat
  3303 | D:3      | Reached XP level 5. HP: 28/34 MP: 4/8
  4854 | D:3      | Learned a level 4 spell: Ice Form
  4882 | D:4      | Noticed Robin
  4911 | D:4      | Killed Robin
  5096 | D:4      | Noticed an ogre
  5331 | D:4      | Killed an ogre
  5332 | D:4      | Reached XP level 6. HP: 42/42 MP: 5/9
  5401 | D:4      | Noticed Ijyb
  5437 | D:4      | Found Hannogh's Assorted Antiques.
  5481 | D:4      | You fall into a shaft and drop 2 floors!
  5489 | D:6      | Noticed a sky beast
  5492 | D:5      | Entered Level 5 of the Dungeon
  5868 | D:4      | Killed Ijyb
  5869 | D:4      | Reached skill level 6 in Unarmed Combat
  6132 | D:5      | Reached XP level 7. HP: 42/47 MP: 10/10
  6597 | D:5      | Identified the +4 war axe of the Ghost {antimagic, rElec
                  | Int+4 Dex-5 Stlth+}
  7231 | D:5      | Reached skill level 7 in Unarmed Combat
  7255 | D:5      | Noticed Menkaure
  7438 | D:5      | Found a staircase to the Ecumenical Temple.
  7701 | D:5      | Reached skill level 5 in Fighting
  7701 | D:5      | Reached XP level 8. HP: 32/55 MP: 8/11
  7901 | D:6      | Reached skill level 5 in Transmutations
  8538 | D:6      | Reached skill level 8 in Unarmed Combat
  8547 | D:6      | Reached skill level 1 in Ice Magic
  8942 | Temple   | Entered the Ecumenical Temple
  9072 | Temple   | Became a worshipper of Gozag Ym Sagoz the Greedy
  9180 | D:4      | Bought a tourmaline ring for 145 gold pieces
  9245 | D:6      | Reached skill level 9 in Unarmed Combat
  9438 | D:6      | Reached XP level 9. HP: 58/61 MP: 12/12
  9678 | D:5      | Killed Menkaure
 10865 | D:7      | Noticed a gargoyle
 10875 | D:7      | Noticed a two-headed ogre
 10879 | D:7      | Noticed a centaur warrior
 10886 | D:7      | Found a runed translucent door.
 10886 | D:7      | Noticed Crazy Yiuf
 10889 | D:7      | Killed Crazy Yiuf
 11070 | D:7      | Noticed Harold
 11387 | D:4      | Bought a large coral ring for 145 gold pieces
 11412 | D:4      | Learned a level 2 spell: Wereblood
 11412 | D:4      | Bought a pink potion for 26 gold pieces
 11412 | D:4      | Bought an emerald potion for 26 gold pieces
 11800 | D:7      | HP: 1/62 [centaur warrior (8)]
 11800 | D:7      | Slain by a centaur warrior

Illustrated notes

Levels and vault maps discovered:
D:1:      dpeg_arrival_prison, layout_basic, minmay_strange_pillars
D:2:      layout_rooms, minmay_misc_feat_tiny, minmay_pentomino_pile
D:3:      layout_basic, minivault_19, uniq_terence
D:4:      layout_rooms, serial_shops, nicolae_take_the_stairs, uniq_robin,
          uniq_ijyb
D:5:      layout_basic, minmay_temple_entry_from_below_a, uniq_menkaure
D:6:      layout_rooms, st_stairs_11
D:7:      nzn_winding_woodlands_medium [nzn_winding_woodlands_hourglass,
          nzn_winding_woodlands_5x15_pathside_ponds,
          nzn_winding_woodlands_5x5_default, nzn_winding_woodlands_5x5_cross,
          nzn_winding_woodlands_center_pierced_h,
          nzn_winding_woodlands_5x5_three, nzn_winding_woodlands_5x5_default,
          nzn_winding_woodlands_5x15_jagged,
          nzn_winding_woodlands_5x5_perimeter], layout_loops_ring, uniq_harold,
          uniq_crazy_yiuf_cottage
Temple:   kilobyte_greek_temple

Skill      XL: |  1  2  3  4  5  6  7  8  9 |
---------------+----------------------------+-----
Stealth        | 2 |  2.0
Unarmed Combat | 4 5 6 7 9 |  9.1
Fighting       | 2 3 5 6 |  6.0
Transmutations | 3 4 5 6 |  6.0
Ice Magic      | 2 3 |  3.0
Dodging        | |  2.0
Spellcasting   | |  2.0

Action                   |  1- 3 |  4- 6 |  7- 9 || total
-------------------------+-------+-------+-------++-------
Melee: Unarmed           |    82 |   120 |   141 ||   343
       Kick              |    20 |    11 |    23 ||    54
       Constrict         |    15 |    18 |    14 ||    47
       Tentacles         |    12 |    10 |    16 ||    38
       Punch             |     1 |     1 |     1 ||     3
       Flail             |       |    18 |    77 ||    95
 Cast: Beastly Appendage |    31 |    37 |    16 ||    84
       Spider Form       |     2 |    18 |    28 ||    48
       Ice Form          |       |       |     4 ||     4
  Use: Potion            |       |       |     1 ||     1
       Scroll            |       |       |     8 ||     8
 Stab: Sleeping          |    17 |     8 |     2 ||    27
Armor: Skin              |     5 |    12 |    53 ||    70
Dodge: Dodged            |    52 |    94 |   194 ||   340

Table legend: (Time is in decaauts)
 A = Elapsed time spent in this place.
 B = Non-inter-level travel time spent in this place.
 C = Inter-level travel time spent in this place.
 D = Time resting spent in this place.
 E = Time spent auto-exploring this place.
 F = Levels seen in this place.
 G = Mean time per level.
                   A        B        C        D        E       F      G
               +--------+--------+--------+--------+--------+-----+--------+
         Total |  11845 |  10677 |   1168 |   5115 |   2895 |   8 | 1480.6 |
       Dungeon |  11667 |  10530 |   1137 |   5115 |   2784 |   7 | 1666.7 |
        Temple |    177 |    146 |     31 |      0 |    111 |   1 |  177.0 |
               +--------+--------+--------+--------+--------+-----+--------+

Top non-repeatable levels by time:
     D:5: 2612 daAuts
     D:3: 2301 daAuts
     D:1: 2050 daAuts
     D:6: 1404 daAuts
     D:4: 1268 daAuts
     D:2: 1112 daAuts
     D:7: 917 daAuts
  Temple: 177 daAuts
